 Dungeon Sprint DCSS version 0.16-b1 (webtiles) character file.

3712 Medar the Fencer (level 9, -7/86 HPs)
             Began as a Minotaur Fighter on Mar 7, 2015.
             Was a Priest of Okawaru.
             Asphyxiated
             ... in the Dungeon (Sprint I: "Red Sonja").
             The game lasted 00:06:55 (2041 turns).

Medar the Fencer (Minotaur Fighter)                 Turns: 2041, Time: 00:06:55

Health: -7/86      AC: 10    Str: 25    XL:     9   Next: 91%
Magic:  12/12      EV: 14    Int:  5    God:    Okawaru [***...]
Gold:   603        SH: 15    Dex:  9    Spells: 0 memorised, 8 levels left

rFire  . . .     SeeInvis .     a - +0 long sword
rCold  . . .     Clarity  .     b - +0 scale mail
rNeg   . . .     SustAb   .     c - +0 shield
rPois  .         Gourm    .     (helmet restricted)
rElec  .         Spirit   .     (no cloak)
rCorr  .         Warding  .     (no gloves)
rMut   .         NoTele   +     (no boots)
MR     .....                    (no amulet)
Stlth  +.........               (no ring)
                                (no ring)

@: lethally poisoned (-7 -> -82), short of breath, heroism, slowed, very slow,
not resistant to hostile enchantments, very unstealthy
A: retaliatory headbutt, horns 2
a: Heroism, Renounce Religion


You were in the Dungeon.
You worshipped Okawaru.
Okawaru was most pleased with you.
You were not hungry.

You visited 1 branch You collected 657 gold pieces.
You spent 54 gold pieces at shops.

Inventory:

Hand weapons
 a - a +0 long sword (weapon)
Armour
 b - a +0 scale mail (worn)
 c - a +0 shield (worn)
Magical devices
 j - a wand of digging (9)
Scrolls
 k - a scroll of blinking
Potions
 e - a potion of might
 h - a potion of haste
 i - 2 potions of magic


   Skills:
 + Level 10.7(15.7) Fighting
 * Level 16.7(21.7) Long Blades
 + Level 10.8(15.8) Armour
 + Level 6.1(11.1) Dodging
 + Level 12.9(17.9) Shields
 + Level 5.2 Invocations


You had 8 spell levels left.
You didn't know any spells.

Dungeon Overview and Level Annotations

Branches:
Dungeon (1/1)

Altars:
Cheibriados
Dithmenos
Elyvilon
Fedhas
Gozag
Kikubaaqudgha
Makhleb
Nemelex Xobeh
Okawaru
Qazlal
Ru
Sif Muna
Trog
Vehumet
Xom
Yredelemnul
Zin
The Shining One
Jiyva

Shops:
D *

Annotations:
D Sonja


Innate Abilities, Weirdness & Mutations

You reflexively headbutt those who attack you in melee.
You have a pair of horns on your head.


Message History

You feel as though you will be slow longer.
Sonja shoots a curare-tipped needle.
The curare-tipped needle hits you.
You are more poisoned.
You have difficulty breathing.
* * * LOW HITPOINT WARNING * * *
You feel as though you will be slow longer.
You see here 4 curare-tipped needles.
Drink which item? (? for menu, Esc to quit)
Okay, then.
Evoke which item? (* to show all) (? for menu, Esc to quit)
Zapping:
j - a wand of digging (will waste charges)
Press: ? - help, Shift-Dir - straight line The rock shatters into small pieces.
Evoking this partially-identified wand wasted a few charges.
* * * LOW HITPOINT WARNING * * *
You feel extremely sick.
Sonja shoots a curare-tipped needle.
The curare-tipped needle hits you.
You are more poisoned.
You have difficulty breathing.
You die...

##########################
#<.#..)..#..'..#__#.ss...#
#..').#..)..#..'^.+s.#)..##+#
#..#####'#####'#__####..s's.#
#..####..#...#[####§§#####..+
#..#__####..##(#(≈§§§#§.# ##
#..#_..__##'#@.K§§≈.§'..#
#⌠⌠#_.∩...'..(_#≈≈§§§#..#
####_..._##_.#'.#§#####'###
#_____###(#.#(..§# #.'.#
####### #.####+### ###.# $.$
#.# #$.$# #§# ##.## #.# #+#
+§#


You could see Sonja.

Vanquished Creatures
  2 centaur warriors (D)
  An oklob plant (D)
  2 kobold demonologists (D)
  A demonic crawler (D)
  A slime creature (D)
  A yak (D)
  4 trapdoor spiders (D)
  An ogre (D)
  A wasp (D)
  Sigmund (D)
  A jelly (D)
  Ijyb (D)
  A giant eyeball (D)
18 creatures vanquished.

Vanquished Creatures (others)
  A gargoyle (D)
  2 wasps (D)
3 creatures vanquished.

Grand Total: 21 creatures vanquished

Notes
Turn   | Place    | Note
--------------------------------------------------------------
     0 | D        | Medar, the Minotaur Fighter, began the quest for the Orb.
     0 | D        | Reached XP level 1. HP: 19/19 MP: 1/1
     1 | D        | Noticed Ijyb
     8 | D        | Killed Ijyb
     8 | D        | Reached skill level 5 in Long Blades
     8 | D        | Reached skill level 5 in Shields
     8 | D        | Reached XP level 2. HP: 21/26 MP: 1/1
    71 | D        | Noticed an ogre
    77 | D        | Killed an ogre
    77 | D        | Reached skill level 9 in Long Blades
    77 | D        | Reached XP level 3. HP: 31/31 MP: 2/2
    77 | D        | Reached XP level 4. HP: 39/39 MP: 2/2
    90 | D        | Noticed Sigmund
    99 | D        | Killed Sigmund
    99 | D        | Reached skill level 10 in Long Blades
    99 | D        | Reached XP level 5. HP: 45/45 MP: 2/2
   117 | D        | Found a deep blue altar of Sif Muna.
   118 | D        | Noticed a jelly
   119 | D        | Found a radiant altar of Vehumet.
   122 | D        | Killed a jelly
   122 | D        | Reached skill level 11 in Long Blades
   147 | D        | Found Klaucsiegh's Assorted Antiques.
   147 | D        | Found a white marble altar of Elyvilon.
   147 | D        | Found a stormy altar of Qazlal.
   147 | D        | Found a burning altar of Makhleb.
   147 | D        | Found a sacrificial altar of Ru.
   147 | D        | Found a basalt altar of Yredelemnul.
   147 | D        | Found a glowing golden altar of the Shining One.
   147 | D        | Found a sparkling altar of Nemelex Xobeh.
   147 | D        | Found a shimmering altar of Xom.
   147 | D        | Found an opulent altar of Gozag.
   147 | D        | Found an ancient bone altar of Kikubaaqudgha.
   147 | D        | Found a glowing silver altar of Zin.
   147 | D        | Noticed a yak
   161 | D        | Killed a yak
   161 | D        | Reached skill level 5 in Fighting
   161 | D        | Reached skill level 12 in Long Blades
   161 | D        | Reached skill level 5 in Armour
   161 | D        | Reached XP level 6. HP: 36/56 MP: 3/3
   162 | D        | Found an iron altar of Okawaru.
   165 | D        | Found a bloodstained altar of Trog.
   174 | D        | Became a worshipper of Warmaster Okawaru
   276 | D        | Found a snail-covered altar of Cheibriados.
   276 | D        | Found a viscous altar of Jiyva.
   276 | D        | Found a shadowy altar of Dithmenos.
   276 | D        | Found a blossoming altar of Fedhas.
   276 | D        | Noticed a slime creature
   283 | D        | Killed a slime creature
   283 | D        | Reached skill level 13 in Long Blades
   283 | D        | Reached skill level 10 in Shields
   283 | D        | Reached XP level 7. HP: 52/64 MP: 3/3
   355 | D        | Noticed a kobold demonologist
   360 | D        | Noticed a sixfirhy
   363 | D        | Noticed an ice devil
   365 | D        | Noticed an ice devil
   366 | D        | Killed a kobold demonologist
   534 | D        | Noticed a kobold demonologist
   536 | D        | Paralysed by a giant eyeball for 2 turns
   539 | D        | Noticed a hellwing
   544 | D        | Killed a kobold demonologist
   544 | D        | Acquired Okawaru's first power
   544 | D        | Reached skill level 14 in Long Blades
   544 | D        | Reached XP level 8. HP: 72/74 MP: 3/3
   555 | D        | Noticed a demonic crawler
   555 | D        | Noticed a demonic crawler
   555 | D        | Noticed a demonic crawler
   555 | D        | Noticed a demonic crawler
   572 | D        | Killed a demonic crawler
   575 | D        | HP: 3/112 [demonic crawler (7)]
   620 | D        | Killed a wasp
   908 | D        | Noticed a centaur warrior
   908 | D        | Noticed a centaur warrior
   961 | D        | Killed a centaur warrior
   961 | D        | Reached skill level 15 in Long Blades
   961 | D        | Reached XP level 9. HP: 50/84 MP: 3/7
   967 | D        | Killed a centaur warrior
   967 | D        | Reached skill level 10 in Fighting
   967 | D        | Reached skill level 16 in Long Blades
   967 | D        | Reached skill level 10 in Armour
   967 | D        | Reached skill level 5 in Dodging
   991 | D        | Killed a gargoyle
  1166 | D        | Noticed a wasp
  1172 | D        | Killed a wasp
  1228 | D        | Noticed an oklob plant
  1234 | D        | Killed an oklob plant
  1491 | D        | Noticed a trapdoor spider
  1493 | D        | Killed a trapdoor spider
  1547 | D        | Noticed a trapdoor spider
  1551 | D        | Killed a trapdoor spider
  1598 | D        | Killed a wasp
  1770 | D        | Noticed a trapdoor spider
  1773 | D        | Killed a trapdoor spider
  1773 | D        | Reached skill level 5 in Invocations
  1778 | D        | Noticed a trapdoor spider
  1788 | D        | Killed a trapdoor spider
  2003 | D        | Bought a lumpy puce potion for 27 gold pieces
  2003 | D        | Bought a metallic blue potion for 27 gold pieces
  2028 | D        | Noticed Sonja
  2041 | D        | HP: 2/86 [poisoned by Sonja (curare-tipped needle)]
  2041 | D        | Asphyxiated

Action                   |  1- 3 |  4- 6 |  7- 9 || total
-------------------------+-------+-------+-------++-------
Melee: Long sword        |    12 |    27 |    83 ||   122
Invok: Heroism           |       |       |     1 ||     1
Evoke: Wand              |       |       |     1 ||     1
  Use: Potion            |       |     1 |     5 ||     6
  Eat: Chunk             |       |       |     2 ||     2
       Bread ration      |       |       |     1 ||     1
